 Dungeon Crawl Stone Soup version 0.26-a0-652-gafc20e3620 (webtiles) character file.

Game seed: 6368201075170101144

290 Berder the Sneak (level 6, -1/36 HPs)
             Began as a Deep Elf Chaos Knight on Oct 1, 2020.
             Was a Plaything of Xom.
             Slain by an orc
             ... wielding a +0 flail
              (7 damage)
             ... on level 4 of the Dungeon.
             The game lasted 00:09:37 (4144 turns).

Berder the Sneak (Deep Elf Chaos Knight)            Turns: 4144, Time: 00:09:38

Health: -1/36      AC:  4    Str:  7    XL:     6   Next: 9%
Magic:  8/8        EV: 14    Int: 17    God:    Xom [....*.]
Gold:   153        SH:  0    Dex: 14    Spells: 5/5 levels left

rFire    x . .     SeeInvis .   a - +2 dagger (venom)
rCold    + . .     Faith    .   (no shield)
rNeg     . . .     Spirit   .   i - +2 leather armour
rPois    .         Reflect  .   (helmet restricted)
rElec    .         Harm     .   (no cloak)
rCorr    .         Rampage  .   (no gloves)
MR       .....                  p - +0 pair of boots
Stlth    ++........             (no amulet)
HPRegen  0.12/turn              e - ring of attention
MPRegen  0.11/turn              o - ring of ice

@: no status effects
A: horns 1, talons 1, blurry vision 1, clumsy 1, deformed body, mutation
resistance 1, weak 1, sturdy frame 2
a: Renounce Religion


You were on level 4 of the Dungeon.
You worshipped Xom.
You were a beloved toy of Xom.
You visited 1 branch of the dungeon, and saw 5 of its levels.

You collected 153 gold pieces.

Inventory:

Hand Weapons
 a - a +2 dagger of venom (weapon)
 b - a +0 hunting sling
 l - a +0 short sword of chaos
 s - a +2 dagger of flaming
Missiles
 d - 2 silver javelins
 g - 137 stones
 t - 7 poisoned darts (quivered)
 v - a throwing net
Armour
 i - a +2 leather armour (worn)
 k - a +1 robe of magic resistance
 p - a +0 pair of boots (worn)
Jewellery
 e - a ring of attention (left hand)
 o - a ring of ice (right hand)
 q - a cursed ring of stealth {unknown}
Scrolls
 h - a scroll of fear
 j - a scroll of fog
 n - a scroll of magic mapping
 r - a scroll of enchant armour {unknown}
Potions
 c - a potion of might
 f - 2 potions of heal wounds
 m - a potion of ambrosia {unknown}


   Skills:
 - Level 2.4 Fighting
 + Level 4.4 Short Blades
 - Level 0.7 Armour
 + Level 4.6 Dodging
 - Level 5.0 Stealth


You had 5 spell levels left.
You didn't know any spells.
Your spell library was empty.

Dungeon Overview and Level Annotations

Branches:
Dungeon (5/15)
 Temple: D:4-7

Altars:
Ashenzari
Gozag
Trog
Xom
Yredelemnul
Zin


Innate Abilities, Weirdness & Mutations

You have a pair of small horns on your head.
You have sharp toenails.
Scrolls take you a little longer to read.
You are clumsy. (Dex -2)
Armour fits poorly on your strangely shaped body.
You are somewhat resistant to further mutation.
You are weak. (Str -2)
Your movements are less encumbered by armour. (ER -4)


Message History

You resist with some effort.
Your +2 dagger of holy wrath hits the orc wizard but does no damage.
You hit the orc priest.
The orc priest looks as sick as possible!
The orc priest is moderately wounded.
The orc wizard hits your +2 dagger of holy wrath.
Your +2 dagger of holy wrath hits the orc wizard.
The orc priest hits you.
Unknown command.
Your +2 dagger of holy wrath hits the orc wizard.
The orc wizard hits your +2 dagger of holy wrath.
The orc barely misses you.
The orc priest mumbles some strange prayers to Beogh against you.
Beogh smites you!
* * * LOW HITPOINT WARNING * * *
Your +2 dagger of holy wrath hits the orc wizard.
The orc wizard dies!
The orc hits you with a +0 flail!
You die... "Huh?
Did I miss anything?"

###.......#.....†# #.#
#....._..........# #.#
#.#.......#......# #.##
#.#.8...8.#......# #...
#.##.....##......# ####
#.####.###.........
##########...#..#########.###
.........†##.#.oo.....).....
...............@o....# ##
..........##.#).####.#
...........#.#.(####.#
...........#.#[....#.#
########......##.##.#o#
..............##.##.#o#
#######.......##.##.#.###########
..............##.##'#§o.oo.oo..o.
.###..........#......############


You could see an orc priest (extremely poisoned), 2 orcs and a friendly +2
dagger of holy wrath.

Vanquished Creatures
  A hound (D:4)
  A centaur skeleton (D:4)
  Jessica (D:2)
  A worker ant (D:4)
  5 adders
  3 gnolls
  An ooze (D:4)
  2 worms
  A dart slug (D:2)
  2 orcs (D:4)
  A giant cockroach (D:4)
  12 goblins
  10 hobgoblins
  7 jackals
  9 kobolds
  3 quokkas
  6 bats
  5 frilled lizards (D:2)
  12 rats
83 creatures vanquished.

Vanquished Creatures (collateral kills)
  An orc wizard (D:4)
1 creature vanquished.

Vanquished Creatures (others)
  A gnoll (D:3)
  A leopard gecko (D:3)
  A rat (D:3)
  54 plants (D:3)
57 creatures vanquished.

Grand Total: 141 creatures vanquished

Notes
Turn   | Place    | Note
-------+----------+-------------------------------------------
     0 | D:1      | Berder the Deep Elf Chaos Knight began the quest for the
                  | Orb.
     0 | D:1      | Reached XP level 1. HP: 13/13 MP: 3/3
     6 | D:1      | XOM: divination: detect items
    46 | D:1      | Reached skill level 1 in Stealth
    91 | D:1      | XOM: potion effect (might)
   149 | D:2      | Reached skill level 2 in Stealth
   153 | D:2      | Reached XP level 2. HP: 8/18 MP: 4/4
   669 | D:1      | Reached skill level 3 in Stealth
  1030 | D:1      | XOM: divination: detect creatures
  1237 | D:2      | XOM: noise
  1308 | D:2      | XOM: enchant monster (good)
  1312 | D:2      | XOM: divination: detect items
  1314 | D:2      | Reached skill level 4 in Stealth
  1314 | D:2      | Reached XP level 3. HP: 18/22 MP: 5/5
  1923 | D:2      | Found a broken altar of Ashenzari.
  1957 | D:2      | Reached XP level 4. HP: 27/27 MP: 6/6
  2054 | D:2      | XOM: divination: detect creatures
  2090 | D:2      | Noticed Jessica
  2098 | D:2      | Killed Jessica
  2098 | D:2      | Reached skill level 5 in Stealth
  2148 | D:2      | XOM: cast spell 'Death Channel'
  2241 | D:2      | XOM: god gift: 32 gold pieces
  2281 | D:2      | XOM: divination: detect items
  2382 | D:2      | Found a bloodstained altar of Trog.
  2383 | D:2      | Found a basalt altar of Yredelemnul.
  2572 | D:3      | Found a shimmering altar of Xom.
  3206 | D:3      | XOM: fake destruction
  3218 | D:3      | XOM: destruction
  3263 | D:2      | Reached XP level 5. HP: 18/31 MP: 7/7
  3617 | D:3      | XOM: scenery: create altars
  3667 | D:3      | XOM: scenery: create altars
  3713 | D:3      | Found a glowing silver altar of Zin.
  3867 | D:3      | XOM: give mutations
  3867 | D:3      | Gained mutation: Scrolls take you a little longer to read.
                  | [Xom's mischief]
  3867 | D:3      | Gained mutation: Armour fits poorly on your strangely
                  | shaped body. [Xom's mischief]
  3867 | D:3      | Gained mutation: You are weak. (Str -2) [Xom's mischief]
  3867 | D:3      | Gained mutation: You are clumsy. (Dex -2) [Xom's mischief]
  3903 | D:4      | XOM: give mutations
  3903 | D:4      | Gained mutation: Your movements are slightly less
                  | encumbered by armour. (ER -2) [Xom's grace]
  3903 | D:4      | Gained mutation: You have a pair of small horns on your
                  | head. [Xom's grace]
  3903 | D:4      | Gained mutation: You have sharp toenails. [Xom's grace]
  3908 | D:4      | XOM: give mutations
  3908 | D:4      | Gained mutation: You are somewhat resistant to further
                  | mutation. [Xom's grace]
  3908 | D:4      | Gained mutation: Your movements are less encumbered by
                  | armour. (ER -4) [Xom's grace]
  3911 | D:4      | XOM: potion effect (haste)
  3968 | D:4      | Reached XP level 6. HP: 27/36 MP: 8/8
  4042 | D:4      | Found an opulent altar of Gozag.
  4138 | D:5      | Entered Level 5 of the Dungeon
  4144 | D:4      | Slain by an orc

Illustrated notes

Levels and vault maps discovered:
D:1:      ncdulo_wetmaze, layout_basic
D:2:      layout_loops_ring, ashenzari_altar_1, gammafunk_temple_overflow_pools,
          minmay_tetromino_s4, uniq_jessica
D:3:      layout_rooms, overflow_temple_1_default, lemuel_crystal_altar,
          serial_bayou, serial_bayou_lagoon_a, serial_bayou_crossing,
          serial_bayou_pond_b, serial_bayou_shore_a
D:4:      layout_basic, grunt_gozag_statues, gammafunk_ghost_nasty_kobolds,
          uniq_sigmund
D:5:      layout_basic, kennysheep_slug_shrine, old_standard_altar,
          uniq_blork_the_orc

Skill      XL: |  1  2  3  4  5 |
---------------+----------------+-----
Stealth        | 2 4 5 |  5.0
Dodging        | 3 4 |  4.6
Short Blades   | 4 |  4.4
Fighting       | |  2.4
Armour         | |  0.7

Action                   |  1- 3 |  4- 6 || total
-------------------------+-------+-------++-------
Melee: Short sword       |    27 |       ||    27
       Dagger            |    75 |   147 ||   222
       Headbutt          |       |     7 ||     7
 Fire: Hunting sling     |       |     7 ||     7
Throw: Dart              |       |    10 ||    10
       Javelin           |       |     3 ||     3
  Use: Potion            |     1 |       ||     1
       Scroll            |     3 |     2 ||     5
 Stab: Sleeping          |     5 |     1 ||     6
Armor: Leather armour    |    19 |    42 ||    61
Dodge: Dodged            |    54 |    90 ||   144

Table legend: (Time is in decaauts)
 A = Elapsed time spent in this place.
 B = Non-inter-level travel time spent in this place.
 C = Inter-level travel time spent in this place.
 D = Time resting spent in this place.
 E = Time spent auto-exploring this place.
 F = Levels seen in this place.
 G = Mean time per level.
                   A        B        C        D        E       F      G
               +--------+--------+--------+--------+--------+-----+--------+
         Total |   4127 |   3991 |    136 |   1286 |   1504 |   5 |  825.4 |
       Dungeon |   4127 |   3991 |    136 |   1286 |   1504 |   5 |  825.4 |
               +--------+--------+--------+--------+--------+-----+--------+

Top non-repeatable levels by time:
     D:1: 1561 daAuts
     D:2: 1342 daAuts
     D:3: 991 daAuts
     D:4: 229 daAuts
     D:5: 1 daAuts
